 Dungeon Crawl Stone Soup version 0.30-a0-702-gdf48620a09 (webtiles) character file.

Game seed: 7117195279004774743

55055 KennySheep the Impassioned (level 15, -33/123 HPs)
             Began as a Meteoran Wanderer on Jan 21, 2023.
             Was a Follower of Uskayaw.
             Annihilated by a radroach simulacrum (36 damage)
             ... on level 3 of the Spider Nest.
             The game lasted 01:27:34 (8405 turns).

KennySheep the Impassioned (Meteoran Wanderer)      Turns: 8405, Time: 01:27:34

Health: -33/123    AC: 37    Str: 20 (21) XL:     15   Next: 58%
Magic:  16/32      EV: 10    Int: 13      God:    Uskayaw [*.....]
Gold:   739        SH:  7    Dex: 23      Spells: 34/39 levels left

rFire   . . .      SeeInvis .    a - +2 morningstar (flame)
rCold   . . .      Faith    +    c - +0 buckler {AC+3}
rNeg    . . .      Spirit   .    t - +10 plate armour of Perfidy {Harm rElec Int-5 Slay+3}
rPois   .          Reflect  .    C - +0 helmet
rElec   +          Harm     +    m - +2 cloak {Will+}
rCorr   .          Rampage  .    e - +2 pair of gloves
Will    ++...                    H - +0 pair of boots Stlth
                                 J - amulet of faith
HPRegen 0.40/turn                U - +6 ring of strength
MPRegen 0.23/turn                l - +6 ring of dexterity

@: lethally poisoned (-33 -> -42), glowing
A: sense surroundings 2, otherworldly, glowing, explore regen, talons 1
a: Renounce Religion, Stomp


You were on level 3 of the Spider Nest.
You worshipped Uskayaw.
Uskayaw was most pleased with you.
You visited 3 branches of the dungeon, and saw 17 of its levels.
You also visited: Ossuary and Ice Cave.

You collected 907 gold pieces.
You spent 168 gold pieces at shops.

Inventory:

Hand Weapons
 a - a +2 morningstar of flaming (weapon)
Missiles
 y - 9 curare-tipped darts
 B - 5 throwing nets (quivered)
Armour
 c - a +0 buckler of protection (worn)
 e - a +2 pair of gloves (worn)
 m - a +2 cloak of willpower (worn)
 t - the +10 plate armour of Perfidy (worn) {Harm rElec Int-5 Slay+3}
   (You found it on level 5 of the Lair of Beasts)

   Int:       It affects your intelligence (-5).
   Slay:      It affects your accuracy & damage with ranged weapons and melee
   (+3).
   rElec:     It insulates you from electricity.
   Harm:      It increases damage dealt and taken.
 C - a +0 helmet (worn)
 H - a +0 pair of boots (worn)
 O - +3 swamp dragon scales
Jewellery
 l - a +6 ring of dexterity (right hand)
 s - a ring of willpower
 J - an amulet of faith (around neck)
 Q - a ring of flight
 U - a +6 ring of strength (left hand)
Wands
 f - a wand of roots (14)
 u - a wand of digging (5)
 x - a wand of quicksilver (1)
 A - a wand of polymorph (9)
 G - a wand of flame (7)
 L - a wand of charming (15)
 P - a wand of mindburst (11)
Scrolls
 d - a scroll of fog
 i - 2 scrolls of teleportation
 o - a scroll of brand weapon
 p - 3 scrolls of fear
 q - a scroll of blinking
 v - 3 scrolls of poison
 w - 3 scrolls of amnesia
 X - 2 scrolls of enchant weapon
 Y - 2 scrolls of magic mapping
 Z - 2 scrolls of silence
Potions
 g - 5 potions of haste
 h - 2 potions of mutation
 j - 7 potions of ambrosia
 r - 8 potions of lignification
 z - 9 potions of curing
 D - a potion of resistance
 E - 2 potions of flight
 K - 4 potions of brilliance
 M - a potion of cancellation
 S - 4 potions of might
 V - a potion of berserk rage
 W - 2 potions of magic
Miscellaneous
 b - a phantom mirror (inert)
 T - a condenser vane


   Skills:
 + Level 8.5 Fighting
 - Level 0.8 Short Blades
 * Level 14.1 Maces & Flails
 - Level 1.2 Throwing
 * Level 10.7 Armour
 - Level 7.6 Dodging
 - Level 1.0 Stealth
 + Level 8.6 Shields
 - Level 12.5 Spellcasting
 - Level 1.2 Air Magic
 - Level 18.6 Invocations


You had 34 spell levels left.
You knew the following spells:

 Your Spells              Type           Power      Damage    Failure   Level
a - Shock                 Conj/Air       36%        1d5       78%         1
b - Passwall              Tmut/Erth      6%         N/A       95%         2
c - Blink                 Tloc           16%        N/A       95%         2

Your spell library contained the following spells:

 Spells                   Type           Power      Damage    Failure   Level
 Sandblast                Erth           16%        2d6       86%         1
 Static Discharge         Conj/Air       18%        2-3/arc   89%         2
 Cigotuvi's Dreadful Rot  Necr/Pois/Air  18%        N/A       91%         2
 Ensorcelled Hibernation  Hex/Ice        16%        N/A       95%         2
 Lesser Beckoning         Tloc           16%        N/A       95%         2
 Momentum Strike          Conj/Tloc      16%        3d8       95%         2
 Scorch                   Fire           16%        2d5       95%         2
 Swiftness                Air            11%        N/A       97%         3
 Vhi's Electric Charge    Tloc/Air       18%        N/A       98%         3
 Frozen Ramparts          Ice            16%        1d3       99%         3
 Inner Flame              Hex/Fire       8%         N/A       99%         3
 Kindle Blastsparks       Fire/Tloc/Air  18%        2d11      99%         3
 Ozocubu's Armour         Ice            8%         N/A       99%         3
 Stone Arrow              Conj/Erth      16%        3d8       99%         3
 Animate Armour           Summ/Erth      16%        N/A       100%        4
 Cause Fear               Hex            4%         N/A       100%        4
 Dispel Undead            Necr           8%         3d8       100%        4
 Flame Wave               Conj/Fire      8%         2d5       100%        4
 Petrify                  Tmut/Erth      8%         N/A       100%        4
 Arcjolt                  Conj/Air       4%         1d14      100%        5
 Blade Hands              Tmut           4%         N/A       100%        5
 Lightning Bolt           Conj/Air       4%         1d16      100%        5
 Metabolic Englaciation   Hex/Ice        4%         N/A       100%        5
 Death Channel            Necr           4%         N/A       100%        6
 Iron Shot                Conj/Erth      4%         9d2       100%        6
 Simulacrum               Ice/Necr       4%         N/A       100%        6
 Starburst                Conj/Fire      4%         6d3       100%        6
 Statue Form              Tmut/Erth      5%         N/A       100%        6
 Summon Cactus Giant      Summ           4%         N/A       100%        6
 Ozocubu's Refrigeration  Ice            4%         4d8       100%        7
 Spellforged Servitor     Conj/Summ      4%         N/A       100%        7
 Discord                  Hex            4%         N/A       100%        8


Dungeon Overview and Level Annotations

Branches:
Dungeon (9/15) Zot: 737    Temple (0/1) D:5            Lair (5/5) D:9 Zot: 505
  Swamp (0/4) Lair:3       Spider (2/4) Lair:3 Zot: 1239   Slime (0/5) Lair:5
Ossuary (visited)           IceCv (visited)
    Orc: D:9-12

Altars:
Elyvilon
Fedhas
Makhleb
Nemelex Xobeh
Sif Muna
Trog
Uskayaw
Xom
Zin
The Shining One

Shops:
D:7 !

Annotations:
D:1 1 runed translucent door
D:8 Amaemon
Spider:3 Mlioglotl


Innate Abilities, Weirdness & Mutations

You passively map the area around you.
You are easily found by Zot.
You glow in the dark.
You regain HP and MP as you explore.
You have sharp toenails.


Message History

The radroach claws you but does no damage.
You can now pass through a line of other dancers.
You stomp with the beat, sending a shockwave through the revellers around you!
You kill the radroach!
You kill the wolf spider!
The wolf spider is almost dead.
You can no longer pass through a line of other dancers.
A freezing mist starts to gather... x2
A wolf spider simulacrum and a radroach simulacrum come into view.
The wolf spider hits you but does no damage.
The wolf spider bites you.
You are poisoned.
The wolf spider poisons you! The wolf spider closely misses you.
The wolf spider barely misses you.
You can now pass through a line of other dancers.
You barely miss the jumping spider simulacrum.
You feel very sick. The wolf spider barely misses you.
You block the wolf spider's attack.
The jumping spider simulacrum pounces on you but does no damage.
The jumping spider simulacrum bites you but does no damage.
You stomp with the beat, sending a shockwave through the revellers around you!
The jumping spider simulacrum vaporises!
You kill the wolf spider!
You can no longer pass through a line of other dancers.
A freezing mist starts to gather...
A wolf spider simulacrum comes into view.
You feel very sick.
You can now pass through a line of other dancers.
You stomp with the beat, sending a shockwave through the revellers around you!
The radroach simulacrum is heavily damaged.
The wolf spider simulacrum is almost destroyed.
You can no longer pass through a line of other dancers.
You feel very sick. The wolf spider simulacrum hits you.
The wolf spider simulacrum freezes you!!
* * * LOW HITPOINT WARNING * * *
The wolf spider simulacrum bites you but does no damage.
The radroach simulacrum bites you!
* * * LOW HITPOINT WARNING * * *
The radroach simulacrum freezes you!!
You die...

, ,, * #.**
##..........### , #.####
#...........## ,,,
,*#####...###............#
, #........##..........#.#
* ,
..........#.#.......##.. *
*...........##^.....# ##.
,...........###..#.####.#
......>○....######....## *
* ,.^....Z@...## #.....##
#......Z...# #......# ,
#......Z....# * #......#
,,
#^.........#..###....... ,
,,
#...$.....#..#.........> ,
, ###......##..##.#.......
###...## ..#.##....... ,
** ##.## #,*#....... , *
**** **, #.......


You could see 2 wolf spider simulacra and a radroach simulacrum.

Vanquished Creatures
  3 hydras
  A merfolk avatar (Lair:5)
  A radroach (Spider:3)
  2 death yaks (IceCv)
  Sonja (Lair:4)
  A fire crab (Lair:3)
  2 sun moths
  3 pharaoh ants
  A sea snake (Lair:5)
  2 bog bodies (Lair:3)
  3 lindwurms
  A steelbarb worm (Spider:3)
  4 wolf spiders
  A manticore (Lair:5)
  A moth of wrath (Spider:1)
  An ice statue (IceCv)
  8 elephants
  Maurice (D:8)
  Joseph (D:9)
  4 black mambas
  2 demonic crawlers
  3 torpor snails
  7 cane toads
  Maggie (D:7)
  8 komodo dragons
  A kobold demonologist (D:9)
  5 rime drakes
  A queen bee (Spider:1)
  2 ice devils (Lair:1)
  3 meliai (Spider:1)
  14 polar bears
  Prince Ribbit (D:6)
  Grinder (D:6)
  6 tarantellas
  2 dream sheep (Lair:5)
  14 blink frogs
  4 jumping spiders
  Sigmund (D:5)
  A shadow (D:6)
  4 culicivoras
  6 wyverns
  58 yaks
  A fire elemental (Spider:3)
  Eustachio (D:6)
  2 basilisks (Lair:3)
  4 steam dragons
  9 redbacks
  2 wargs (Lair:3)
  An acid dragon (D:9)
  Duvessa (D:5)
  5 water moccasins
  An orc warrior (D:9)
  4 hell hounds (Spider:3)
  An ice beast (D:6)
  2 ogres (D:6)
  3 black bears (Lair:3)
  A centaur (D:9)
  25 wolves
  2 elf zombies (Ossuary)
  2 kobold brigands
  13 bullfrogs
  2 scorpions
  A necrophage (D:6)
  Dowan (D:5)
  8 wights
  21 killer bees (Spider:1)
  3 howler monkeys
  An electric eel (Lair:3)
  A human zombie (Ossuary)
  3 centaur zombies (Ossuary)
  A hound (Lair:3)
  A jelly (D:6)
  A gnoll bouda (D:5)
  Crazy Yiuf (D:2)
  3 iguanas
  2 orc wizards
  2 mummies (Ossuary)
  Robin (D:2)
  9 gnolls
  6 adders
  9 river rats (D:6)
  A shadow imp (D:5)
  An ufetubus (D:5)
  An adder zombie (Ossuary)
  A worm (D:3)
  25 orcs
  4 ball pythons
  4 endoplasms
  4 giant cockroaches
  13 goblins
  15 hobgoblins
  3 jackals (D:1)
  A quokka (D:3)
  3 bats (D:1)
  4 frilled lizards
  A goblin zombie (Ossuary)
  7 hobgoblin zombies (Ossuary)
  22 kobolds
  8 kobold zombies (Ossuary)
  13 orc zombies (Ossuary)
  16 rats
  A rat zombie (Ossuary)
492 creatures vanquished.

Vanquished Creatures (collateral kills)
  2 goblins (D:2)
  2 hobgoblins (D:2)
4 creatures vanquished.

Vanquished Creatures (others)
  A yak (D:9)
  A bullfrog (D:9)
  4 kobolds (D:8)
  17 fungi
  24 plants
47 creatures vanquished.

Grand Total: 543 creatures vanquished

Notes
Turn   | Place    | Note
-------+----------+-------------------------------------------
     0 | D:1      | KennySheep the Meteoran Wanderer began the quest for the
                  | Orb.
     0 | D:1      | KennySheep set off with the following items: a +0 dagger,
                  | 12 poisoned darts, a +0 buckler of protection, a scroll of
                  | fog, a +0 robe; and the following spell memorised: Shock;
                  | and the following spells available to memorise: Kindle
                  | Blastsparks.
     0 | D:1      | Reached XP level 1. HP: 14/14 MP: 5/5
     1 | D:1      | Found a runed translucent door.
    49 | D:1      | Reached skill level 1 in Invocations
    55 | D:1      | Reached XP level 2. HP: 14/20 MP: 6/6
   104 | D:1      | Reached skill level 2 in Invocations
   253 | D:1      | Reached skill level 3 in Invocations
   253 | D:1      | Reached XP level 3. HP: 26/26 MP: 8/8
   459 | D:1      | Found a faded altar of an unknown god.
   467 | D:1      | Prayed at the altar of an unknown god.
   467 | D:1      | Became a worshipper of Uskayaw the Reveller
   467 | D:1      | Reached * piety under Uskayaw
   495 | D:1      | Glimpsed the power of Zot.
   533 | D:2      | Noticed Robin
   634 | D:2      | Reached skill level 4 in Invocations
   634 | D:2      | Reached XP level 4. HP: 24/33 MP: 2/9
   634 | D:2      | Killed Robin
   751 | D:2      | Found a runed translucent door.
   752 | D:2      | Noticed Crazy Yiuf
   762 | D:2      | Killed Crazy Yiuf
   763 | D:2      | Reached XP level 5. HP: 16/39 MP: 6/10
  1278 | D:3      | Found a shimmering blue altar of Sif Muna.
  1288 | D:3      | Reached skill level 1 in Fighting
  1350 | D:3      | Reached skill level 1 in Maces & Flails
  1387 | D:3      | Found a bloodstained altar of Trog.
  1491 | D:4      | Reached ** piety under Uskayaw
  1493 | D:4      | Reached XP level 6. HP: 47/47 MP: 7/11
  1495 | D:4      | Reached skill level 5 in Invocations
  1502 | D:4      | Reached *** piety under Uskayaw
  1503 | D:4      | Reached XP level 7. HP: 47/56 MP: 3/13
  1607 | D:4      | Found a blossoming altar of Fedhas.
  1655 | D:4      | Learned a level 2 spell: Passwall
  1938 | D:5      | Entered Level 5 of the Dungeon
  1954 | D:5      | Found a burning altar of Makhleb.
  2235 | D:5      | Found a staircase to the Ecumenical Temple.
  2427 | D:5      | Noticed Sigmund
  2437 | D:5      | Killed Sigmund
  2438 | D:5      | Reached skill level 6 in Invocations
  2438 | D:5      | Reached XP level 8. HP: 48/63 MP: 2/15
  2448 | D:5      | Noticed Dowan
  2448 | D:5      | Noticed Duvessa
  2472 | D:5      | Killed Duvessa
  2475 | D:5      | Killed Dowan
  2724 | D:6      | Noticed Grinder
  2741 | D:6      | Killed Grinder
  2742 | D:6      | Reached skill level 5 in Spellcasting
  2742 | D:6      | Reached skill level 7 in Invocations
  2757 | D:6      | Found a white marble altar of Elyvilon.
  2757 | D:6      | Noticed Eustachio
  2758 | D:6      | Found a glowing golden altar of the Shining One.
  2759 | D:6      | Found a glowing silver altar of Zin.
  2770 | D:6      | Killed Eustachio
  2771 | D:6      | Gained mutation: You passively map the area around you.
                  | [Meteoran growth]
  2771 | D:6      | Reached XP level 9. HP: 70/71 MP: 7/17
  2822 | D:6      | Noticed Prince Ribbit
  2842 | D:6      | Killed Prince Ribbit
  2843 | D:6      | Reached skill level 5 in Shields
  2843 | D:6      | Reached skill level 8 in Invocations
  2879 | D:6      | Reached skill level 5 in Maces & Flails
  3146 | D:6      | Found a shimmering altar of Xom.
  3146 | D:6      | Found a sparkling altar of Nemelex Xobeh.
  3178 | D:6      | Reached **** piety under Uskayaw
  3198 | D:6      | Reached ***** piety under Uskayaw
  3266 | D:7      | Reached skill level 9 in Invocations
  3266 | D:7      | Reached XP level 10. HP: 77/80 MP: 9/20
  3276 | D:7      | Found a sand-covered staircase.
  3284 | Ossuary  | Entered an ossuary
  3475 | Ossuary  | Reached skill level 10 in Invocations
  3661 | D:7      | Noticed Maggie
  3676 | D:7      | Killed Maggie
  3701 | D:7      | Reached skill level 11 in Invocations
  3769 | D:7      | Found Qaifur's Distillery.
  3773 | D:7      | Bought a potion of degeneration for 14 gold pieces
  3773 | D:7      | Bought a potion of curing for 42 gold pieces
  3773 | D:7      | Bought a potion of berserk rage for 70 gold pieces
  3773 | D:7      | Bought a potion of curing for 42 gold pieces
  3780 | D:7      | Learned a level 2 spell: Blink
  3845 | D:8      | Noticed Maurice
  3870 | D:8      | Killed Maurice
  3892 | D:8      | Reached skill level 12 in Invocations
  3926 | D:8      | Reached XP level 11. HP: 43/85 MP: 15/24
  3941 | D:8      | Noticed Amaemon
  3959 | D:9      | Reached skill level 13 in Invocations
  3997 | D:9      | Noticed Joseph
  4019 | D:9      | Killed Joseph
  4432 | D:8      | Reached skill level 14 in Invocations
  4550 | D:9      | Found a staircase to the Lair.
  4654 | D:9      | Reached skill level 10 in Spellcasting
  4659 | D:9      | Reached skill level 15 in Invocations
  4813 | Lair:1   | Entered Level 1 of the Lair of Beasts
  4816 | Lair:1   | Gained mutation: You have sharp toenails. [potion of
                  | mutation]
  4946 | Lair:1   | Noticed a lindwurm
  4954 | Lair:1   | Killed a lindwurm
  4955 | Lair:1   | Reached XP level 12. HP: 64/92 MP: 21/27
  4973 | Lair:1   | Reached skill level 16 in Invocations
  5187 | Lair:1   | Found a frozen archway.
  5222 | IceCv    | Entered an ice cave
  5243 | IceCv    | Reached skill level 5 in Fighting
  5279 | IceCv    | Reached skill level 5 in Armour
  5282 | IceCv    | Reached skill level 5 in Dodging
  5391 | IceCv    | Reached ****** piety under Uskayaw
  5426 | IceCv    | Reached skill level 17 in Invocations
  5534 | IceCv    | Noticed a death yak
  5536 | IceCv    | Noticed a death yak
  5544 | IceCv    | Killed a death yak
  5545 | IceCv    | Reached XP level 13. HP: 89/102 MP: 16/29
  5549 | IceCv    | Killed a death yak
  5638 | IceCv    | Got Hulis's Guide on the Tundra
  5647 | IceCv    | Noticed an ironbound frostheart
  5647 | IceCv    | Noticed a death yak
  5647 | IceCv    | Noticed a death yak
  5647 | IceCv    | Noticed an ironbound frostheart
  5705 | IceCv    | Glimpsed the power of Zot.
  5755 | IceCv    | Glimpsed the power of Zot.
  5795 | IceCv    | Glimpsed the power of Zot.
  6248 | Lair:3   | Reached skill level 18 in Invocations
  6256 | Lair:3   | Found a staircase to the Swamp.
  6669 | Lair:3   | Reached XP level 14. HP: 89/113 MP: 31/31
  6699 | Lair:3   | Found a hole to the Spider Nest.
  7072 | Lair:4   | Noticed Sonja
  7075 | Lair:4   | Killed Sonja
  7179 | Lair:5   | Entered Level 5 of the Lair of Beasts
  7228 | Lair:5   | Reached skill level 10 in Maces & Flails
  7263 | Lair:5   | Found a hide-covered altar of Uskayaw.
  7272 | Lair:5   | Identified the +10 plate armour of Perfidy {Harm rElec
                  | Int-5 Slay+3}
  7454 | Lair:5   | Identified the +6 great sword of Biwoashre {protect, rElec
                  | rF+}
  7482 | Lair:5   | Got the Spellbook of the Incandescent Fifth Circle
  7512 | Lair:5   | Found a staircase to the Slime Pits.
  7704 | Lair:5   | Reached XP level 15. HP: 121/121 MP: 32/32
  7847 | Spider:1 | Entered Level 1 of the Spider Nest
  8122 | Spider:2 | Reached skill level 10 in Armour
  8137 | Spider:2 | You fall into a shaft and drop 1 floor!
  8163 | Spider:3 | Noticed Mlioglotl
  8405 | Spider:3 | HP: 3/123 [radroach simulacrum (14)]
  8405 | Spider:3 | Annihilated by a radroach simulacrum

Illustrated notes

Levels and vault maps discovered:
D:1:      dpeg_arrival_caged_fury, layout_basic,
          dreamdust_ecumenical_altar_sealed_demon
D:2:      layout_basic, uniq_robin, uniq_crazy_yiuf_cottage, uniq_jessica
D:3:      layout_loops_ring, mainiacjoe_overflow_brackets,
          mainiacjoe_overflow_cross_hatched
D:4:      layout_loops_cross, marbit_many_paths, fedhas_altar_decomposition
D:5:      corexii_shantytown, layout_loops_corners,
          mainiacjoe_overflow_small_starburst, minmay_temple_entry_mist,
          uniq_sigmund, uniq_duvessa
D:6:      layout_loops_corners, good_gods_temple_1,
          amethyst_overflow_temple_binary, dk_rats_in_the_wall,
          uniq_prince_ribbit1, uniq_eustachio, uniq_grinder
D:7:      layout_basic, lightli_ossuary_entry_decrepit_ruins, serial_shops,
          nicolae_diamond_shop, uniq_maggie
D:8:      layout_cave_pools, roderic_lattice_a, hangedman_incinerator,
          uniq_maurice, uniq_amaemon
D:9:      layout_roguey, kennysheep_mini, lair_entry_dummy,
          nicolae_figureground_pulse, uniq_joseph
Lair:1:   layout_regular_city, portal_ice_cave_demonic_guard,
          nicolae_lair_liquid_snakes
Lair:2:   layout_cave_shapes
Lair:3:   beast_lair_carwin_large_1, layout_regular_city,
          skrybe_swamp_entry_bodies, nicolae_spider_entry_lesser_pyramids,
          grunt_forest_small_clearings, gammafunk_lair_bear_cave
Lair:4:   layout_misc_corridors, serial_bayou, serial_bayou_pond_a,
          serial_bayou_pond_d, serial_bayou_pond_a, serial_bayou_pond_e,
          uniq_sonja
Lair:5:   gammafunk_lair_ancient_temple, layout_hall_layers, slime_entry_1,
          basic_altar
Spider:1: layout_spider_delve, special_room [special_room_bee]
Spider:2: layout_spider_delve
Spider:3: layout_chambers, drop_trap, uniq_arachne, uniq_azrael, uniq_mlioglotl

Skill      XL: |  1  2  3  4  5  6  7  8  9 10 11 12 13 14 15 |
---------------+----------------------------------------------+-----
Invocations    | 1 3 4 5 6 7 9 12 15 17 18 | 18.6
Armour         | 2 3 4 5 7 9 10 | 10.7
Fighting       | 1 2 3 4 5 7 8 |  8.5
Maces & Flails | 1 2 3 4 5 7 8 12 14 | 14.1
Spellcasting   | 3 4 5 6 8 10 11 12 | 12.5
Dodging        | 2 3 4 5 7 |  7.6
Shields        | 4 5 7 8 |  8.6
Short Blades   | |  0.8
Throwing       | |  1.2
Stealth        | |  1.0
Air Magic      | |  1.2

Action                   |  1- 3 |  4- 6 |  7- 9 | 10-12 | 13-15 || total
-------------------------+-------+-------+-------+-------+-------++-------
Melee: Dagger            |   152 |    12 |       |       |       ||   164
       Mace              |       |    75 |   249 |   477 |   192 ||   993
       Morningstar       |       |       |       |    20 |   201 ||   221
Throw: Dart              |       |     2 |       |       |       ||     2
Invok: Stomp             |     5 |    10 |    35 |   105 |   164 ||   319
       Line Pass         |       |       |     1 |     2 |       ||     3
       Grand Finale      |       |       |       |     1 |     1 ||     2
Evoke: Wand              |       |       |       |     4 |       ||     4
       Condenser vane    |       |       |       |       |     1 ||     1
       Phantom mirror    |       |       |       |       |     1 ||     1
  Use: Potion            |       |     2 |     1 |     4 |     4 ||    11
       Scroll            |       |     5 |     7 |     4 |    13 ||    29
 Stab: Paralysed         |       |       |     2 |    22 |    11 ||    35
       Confused          |       |       |       |     2 |       ||     2
Armor: Robe              |    77 |    39 |    33 |       |       ||   149
       Skin              |       |     2 |       |       |       ||     2
       Chain mail        |       |       |   153 |   116 |       ||   269
       Swamp dragon scal |       |       |       |   329 |   258 ||   587
       Plate armour      |       |       |       |       |   267 ||   267
Dodge: Dodged            |    59 |    38 |    86 |   299 |   336 ||   818
Block: Buckler           |    46 |    26 |    82 |   179 |   265 ||   598

Table legend: (Time is in decaauts)
 A = Elapsed time spent in this place.
 B = Non-inter-level travel time spent in this place.
 C = Inter-level travel time spent in this place.
 D = Time resting spent in this place.
 E = Time spent auto-exploring this place.
 F = Levels seen in this place.
 G = Mean time per level.
                   A        B        C        D        E       F      G
               +--------+--------+--------+--------+--------+-----+--------+
         Total |   8599 |   8226 |    373 |     35 |    499 |  19 |  452.6 |
       Dungeon |   4662 |   4392 |    270 |     33 |    487 |   9 |  518.0 |
          Lair |   2494 |   2391 |    103 |      2 |      3 |   5 |  498.8 |
   Spider Nest |    559 |    559 |      0 |      0 |      0 |   3 |  186.3 |
       Ossuary |    283 |    283 |      0 |      0 |      0 |   1 |  283.0 |
      Ice Cave |    599 |    599 |      0 |      0 |      9 |   1 |  599.0 |
               +--------+--------+--------+--------+--------+-----+--------+

Top non-repeatable levels by time:
     D:5: 707 daAuts
  Lair:5: 665 daAuts
     D:6: 637 daAuts
     D:9: 636 daAuts
  Lair:3: 613 daAuts
   IceCv: 599 daAuts
     D:1: 579 daAuts
  Lair:1: 511 daAuts
     D:4: 494 daAuts
     D:2: 466 daAuts
     D:3: 428 daAuts
  Lair:4: 400 daAuts
     D:8: 368 daAuts
     D:7: 343 daAuts
  Lair:2: 305 daAuts
